 Dungeon Crawl Stone Soup version 0.21-a0-521-g1cd18d1 (webtiles) character file.

67 slep the Skirmisher (level 3, -3/29 HPs)
             Began as a Demonspawn Monk on Dec 6, 2017.
             Slain by an orc
             ... wielding a +0 dagger
              (6 damage)
             ... on level 3 of the Dungeon.
             The game lasted 00:04:09 (2197 turns).

slep the Skirmisher (Demonspawn Monk)               Turns: 2197, Time: 00:04:09

Health: -3/29      AC:  9    Str: 12    XL:     3   Next: 98%
Magic:  3/3        EV: 13    Int: 11    God:
Gold:   67         SH:  0    Dex: 15    Spells: 2/2 levels left

rFire    . . .     SeeInvis .   a - +0 hand axe
rCold    . . .     Gourm    .   (no shield)
rNeg     . . .     Faith    .   e - +0 leather armour
rPois    .         Spirit   .   (helmet restricted)
rElec    .         Reflect  .   (no cloak)
rCorr    .         Harm     .   (no gloves)
MR       .....                  (no boots)
Stlth    ++........             (no amulet)
HPRegen  0.09/turn              (no ring)
MPRegen  0.08/turn              (no ring)

@: sanguine armour
A: antennae 1, sanguine armour 1
a: no special abilities


You were on level 3 of the Dungeon.
You were very hungry.

You visited 1 branch of the dungeon, and saw 3 of its levels.

You collected 67 gold pieces.

Inventory:

Hand Weapons
 a - a +0 hand axe (weapon)
Armour
 b - a +0 robe
 e - a +0 leather armour (worn)
Scrolls
 d - a scroll of noise {unknown}
 g - a scroll of magic mapping {unknown}
 i - a scroll of enchant armour {unknown}
 j - a scroll of identify {unknown}
 l - a scroll of remove curse {unknown}
 o - a scroll of amnesia {unknown}
Potions
 m - a potion of haste {unknown}
 p - 2 potions of flight {unknown}
 q - a potion of degeneration {unknown}
Comestibles
 c - 3 bread rations
 f - 3 meat rations
 h - a royal jelly
 k - a fruit


   Skills:
 + Level 3.4 Fighting
 + Level 3.4 Axes
 + Level 0.7 Armour
 + Level 3.1 Dodging
 + Level 2.1 Stealth


You had 2 spell levels left.
You didn't know any spells.

Dungeon Overview and Level Annotations

Branches:
Dungeon (3/15)

Altars:


Innate Abilities, Weirdness & Mutations

You have a pair of small antennae on your head.
When seriously injured, your bleeding wounds create armour. (AC +6)


Message History

Found 8 gold pieces. 2 kobolds and a phantom come into view.
A giant cockroach comes into view.
The orc hits you but does no damage.
You hit the orc.
The orc is heavily wounded.
You hit the phantom but do no damage. The phantom hits you!
Your blood congeals into armour.
The orc priest calls down the wrath of Beogh upon you.
Beogh smites you!
* * * LOW HITPOINT WARNING * * *
The orc misses you. The orc hits you but does no damage.
The phantom hits you but does no damage.
You hear a shout!
You closely miss the orc.
The orc is heavily wounded.
You hit the phantom. The phantom hits you.
* * * LOW HITPOINT WARNING * * *
The orc hits you with a dagger.
You die...

... #. ...##.# ..
.#.....## . .....K..### .
.......... .# #.
.........# ##.#...
$........# .......
K........##########.......
.........W@oo<..o..o......
#........##########.....o.
.........# ###S###
.........# # .........#
.........# .........#
...s...##


You could see a phantom, an orc priest and 2 orcs.

Vanquished Creatures
  3 adders
  2 worms (D:2)
  2 dart slugs
  2 leopard geckos (D:2)
  3 giant cockroaches
  A goblin (D:2)
  2 hobgoblins
  4 kobolds (D:1)
  3 bats (D:1)
  A frilled lizard (D:1)
  6 rats
29 creatures vanquished.

Notes
Turn   | Place    | Note
-------+----------+-------------------------------------------
     0 | D:1      | slep the Demonspawn Monk began the quest for the Orb.
     0 | D:1      | Reached XP level 1. HP: 18/18 MP: 1/1
   119 | D:1      | Gained mutation: When seriously injured, your bleeding wounds create armour. (AC +6) [demonic ancestry]
   119 | D:1      | Reached XP level 2. HP: 24/24 MP: 2/2
   849 | D:2      | Gained mutation: You have a pair of small antennae on your head. [demonic ancestry]
   849 | D:2      | Reached XP level 3. HP: 17/29 MP: 3/3
  2193 | D:3      | Noticed a phantom
  2197 | D:3      | Slain by an orc

Vault maps used:
D:1:      lightli_arrival_farm
D:2:      nicolae_overflow_hidden_temple, corexii_corridor_pit

Skill      XL: |  1  2 |
---------------+-------+-----
Dodging        | 3 |  3.1
Axes           | 3 |  3.4
Stealth        | 2 |  2.1
Fighting       | |  3.4
Armour         | |  0.7

Action                   || total
-------------------------++-------
Melee: Hand axe          ||   132
 Stab: Sleeping          ||     4
  Eat: Chunk             ||     3
Armor: Robe              ||     5
       Leather armour    ||    27
Dodge: Dodged            ||    87

Table legend:
 A = Spawn XP
 B = Non-spawn XP
 C = Spawn XP percentage of total XP
 D = Spawn monster count
 E = Non-spawn monster count
 F = Spawn count percentage of total count
 G = Total turns spent on level
                    A         B        C        D         E        F      G
               +---------+---------+-------+---------+---------+-------+---------
         Total |       0 |      96 |   0.0 |       0 |      29 |   0.0 |  2197
               +---------+---------+-------+---------+---------+-------+---------
           D:1 |       0 |      28 |   0.0 |       0 |      17 |   0.0 |   773
           D:2 |       0 |      55 |   0.0 |       0 |      11 |   0.0 |  1395
           D:3 |       0 |      13 |   0.0 |       0 |       1 |   0.0 |    29
               +---------+---------+-------+---------+---------+-------+---------
